3L
PHILADELPHIA 1776 BC @ D.C. DIVIDED
09/20/2021
 
TOP OF THE 1ST
Philadelphia 1776 BC batting - Pitching for D.C. Divided : LHP Leslie Brooks
Pitching: LHP Leslie Brooks
Batting: RHB Jesús Orozco 0-0: Ball
1-0: Ball
2-0: Ball
3-0: Base on Balls
Batting: LHB Sébastien Rolland 0-0: Ball
1-0: Fielders Choice at 2nd, 1-6 (Groundball, 15S)
Batting: LHB Chris Nelson 0-0: Called Strike
0-1: Foul Ball, location: 2F
0-2: Fly out, F7 (Flyball, 78D)
Batting: RHB Gil Moore 0-0: Ball
Sébastien Rolland steals 2nd base
1-0: Called Strike
1-1: Foul Ball, location: 2F
1-2: Ball
2-2: Ball
3-2: Foul Ball, location: 2F
3-2: Strikes out looking
Top of the 1st over - 0 run(s), 0 hit(s), 0 error(s), 1 left on base; Philadelphia 1776 0 - D.C. 0
BOTTOM OF THE 1ST
D.C. Divided batting - Pitching for Philadelphia 1776 BC : LHP Lee Reynolds
Pitching: LHP Lee Reynolds
Batting: RHB Brett Robinson 0-0: Ball
1-0: Foul Ball, location: 2F
1-1: Reached on error, E5 (Groundball, 56)
Batting: RHB Duncan Thomas 0-0: Called Strike
0-1: Ball
1-1: Ball
2-1: Foul Ball, location: 2F
2-2: Foul Ball, location: 2F
2-2: Ball
3-2: Ground out 5-3 (Groundball, 5L)
Brett Robinson to second
Batting: RHB Lúcio López 0-0: Ball
1-0: Ball
2-0: Ball
3-0: Called Strike
3-1: Base on Balls
Batting: LHB Félix Pérez 0-0: Called Strike
0-1: Called Strike
0-2: Ball
1-2: Ball
2-2: Foul Ball, location: 2F
2-2: Ball
3-2: Foul Ball, location: 2F
3-2: Grounds into double play, 4-6-3 (Groundball, 34)
Bottom of the 1st over - 0 run(s), 0 hit(s), 1 error(s), 1 left on base; Philadelphia 1776 0 - D.C. 0
TOP OF THE 2ND
Philadelphia 1776 BC batting - Pitching for D.C. Divided : LHP Leslie Brooks
Batting: RHB Yuji Ine 0-0: Ground out 1-3 (Groundball, 13S)
Batting: LHB Manuel García 0-0: Ball
1-0: Foul Ball, location: 2F
1-1: Called Strike
1-2: Foul Ball, location: 2F
1-2: Strikes out swinging
Batting: RHB Cris López 0-0: Ball
1-0: Ball
2-0: Ball
3-0: Called Strike
3-1: Foul Ball, location: 2F
3-2: Foul Ball, location: 2F
3-2: Foul Ball, location: 2F
3-2: Strikes out looking
Top of the 2nd over - 0 run(s), 0 hit(s), 0 error(s), 0 left on base; Philadelphia 1776 0 - D.C. 0
BOTTOM OF THE 2ND
D.C. Divided batting - Pitching for Philadelphia 1776 BC : LHP Lee Reynolds
Batting: RHB Gustavo Mateo 0-0: Foul Ball, location: 2F
0-1: SINGLE (Groundball, 34D)
Batting: LHB Mike Gardner 0-0: Foul Ball, location: 2F
0-1: Ground out 5-3 (Groundball, 56S)
Gustavo Mateo to second
Batting: RHB Jonathan Widdop 0-0: Ball
1-0: Ball
2-0: Called Strike
2-1: DOUBLE (Flyball, 8RS)
Gustavo Mateo scores
Batting: RHB Justin Saginov 0-0: Foul Ball, location: 2F
0-1: Ball
1-1: Foul Ball, location: 2F
1-2: Strikes out swinging
Batting: LHB Charles Mathes 0-0: Called Strike
0-1: Ball
1-1: Ball
2-1: Called Strike
2-2: Fly out, F7 (Flyball, 7S)
Bottom of the 2nd over - 1 run(s), 2 hit(s), 0 error(s), 1 left on base; Philadelphia 1776 0 - D.C. 1
TOP OF THE 3RD
Philadelphia 1776 BC batting - Pitching for D.C. Divided : LHP Leslie Brooks
Batting: RHB Dave Knight 0-0: Ball
1-0: Foul Ball, location: 2F
1-1: Ball
2-1: Foul Ball, location: 2F
2-2: Strikes out swinging
Batting: RHB António Granados 0-0: Foul Ball, location: 2F
0-1: Ball
1-1: Swinging Strike
1-2: Ball
2-2: Ball
3-2: Strikes out swinging
Batting: RHB Jesús Orozco 0-0: Called Strike
0-1: Called Strike
0-2: Fly out, F7 (Flyball, 78XD)
Top of the 3rd over - 0 run(s), 0 hit(s), 0 error(s), 0 left on base; Philadelphia 1776 0 - D.C. 1
BOTTOM OF THE 3RD
D.C. Divided batting - Pitching for Philadelphia 1776 BC : LHP Lee Reynolds
Batting: RHB Brett Robinson 0-0: Swinging Strike
0-1: Ball
1-1: Foul Ball, location: 2F
1-2: Fly out, F8 (Flyball, 78XD)
Batting: RHB Duncan Thomas 0-0: Ball
1-0: Foul Ball, location: 2F
1-1: Called Strike
1-2: Foul Ball, location: 2F
1-2: Foul Ball, location: 2F
1-2: Fly out, F7 (Flyball, 78D)
Batting: RHB Lúcio López 0-0: Called Strike
0-1: Ball
1-1: Ground out 1-3 (Groundball, 23)
Bottom of the 3rd over - 0 run(s), 0 hit(s), 0 error(s), 0 left on base; Philadelphia 1776 0 - D.C. 1
TOP OF THE 4TH
Philadelphia 1776 BC batting - Pitching for D.C. Divided : LHP Leslie Brooks
Batting: LHB Sébastien Rolland 0-0: Ball
1-0: Ball
2-0: Called Strike
2-1: Fly out, F7 (Flyball, 7LM)
Batting: LHB Chris Nelson 0-0: SOLO HOME RUN (Flyball, 78XD), Distance : 434 ft
Batting: RHB Gil Moore 0-0: Ball
1-0: Swinging Strike
1-1: Called Strike
1-2: Foul Ball, location: 2F
1-2: Ground out 1-3 (Groundball, 15)
Batting: RHB Yuji Ine 0-0: Ground out 2-3 (Groundball, 25)
Top of the 4th over - 1 run(s), 1 hit(s), 0 error(s), 0 left on base; Philadelphia 1776 1 - D.C. 1
BOTTOM OF THE 4TH
D.C. Divided batting - Pitching for Philadelphia 1776 BC : LHP Lee Reynolds
Batting: LHB Félix Pérez 0-0: Ball
1-0: SINGLE (Line Drive, 8RS)
Batting: RHB Gustavo Mateo 0-0: SINGLE (Groundball, 6M)
Félix Pérez to second
Batting: LHB Mike Gardner 0-0: Ball
1-0: Ball
2-0: Ball
3-0: Base on Balls
Félix Pérez to third
Gustavo Mateo to second
Batting: RHB Jonathan Widdop 0-0: Called Strike
0-1: Ball
1-1: Ball
2-1: Ball
3-1: Foul Ball, location: 2F
3-2: SINGLE (Line Drive, 9S)
Félix Pérez scores
Gustavo Mateo to third
Mike Gardner to second
Batting: RHB Justin Saginov 0-0: Called Strike
0-1: Fly out, F3 (Popup, 3F)
Batting: LHB Charles Mathes 0-0: Called Strike
0-1: Fly out, F9 (Line Drive, 9S)
Batting: RHB Brett Robinson 0-0: Ball
1-0: Called Strike
1-1: Swinging Strike
1-2: Strikes out swinging
Bottom of the 4th over - 1 run(s), 3 hit(s), 0 error(s), 3 left on base; Philadelphia 1776 1 - D.C. 2
TOP OF THE 5TH
Philadelphia 1776 BC batting - Pitching for D.C. Divided : LHP Leslie Brooks
Batting: LHB Manuel García 0-0: Ball
1-0: Ball
2-0: Called Strike
2-1: Foul Ball, location: 2F
2-2: Ball
3-2: Foul Ball, location: 2F
3-2: Foul Ball, location: 2F
3-2: Ground out 3-1 (Groundball, 34)
Batting: RHB Cris López 0-0: Called Strike
0-1: Ball
1-1: Ball
2-1: Ball
3-1: Base on Balls
Batting: RHB Dave Knight 0-0: Ball
1-0: Ball
Cris López steals 2nd base
2-0: Foul Ball, location: 2F
2-1: Called Strike
2-2: Ball
3-2: Strikes out swinging
Batting: RHB António Granados 0-0: Called Strike
0-1: Ball
1-1: Fly out, F4 (Line Drive, 4M)
Top of the 5th over - 0 run(s), 0 hit(s), 0 error(s), 1 left on base; Philadelphia 1776 1 - D.C. 2
BOTTOM OF THE 5TH
D.C. Divided batting - Pitching for Philadelphia 1776 BC : LHP Lee Reynolds
Batting: RHB Duncan Thomas 0-0: Ball
1-0: Ball
2-0: Ball
3-0: Called Strike
3-1: Swinging Strike
3-2: Base on Balls
Batting: RHB Lúcio López 0-0: Ball
1-0: Swinging Strike
1-1: Called Strike
1-2: Ball
2-2: Ball
3-2: DOUBLE (Line Drive, 7M)
Duncan Thomas to third
Batting: LHB Félix Pérez 0-0: Ball
1-0: Fly out, F5 (Popup, 56S)
Batting: RHB Gustavo Mateo 0-0: Ball
1-0: SINGLE (Line Drive, 8LS)
Duncan Thomas scores
Lúcio López to third
Batting: LHB Mike Gardner 0-0: Ball
Wild Pitch!
Lúcio López scores
Gustavo Mateo to second
1-0: Called Strike
1-1: SINGLE (Line Drive, 56D)
Gustavo Mateo to third
Runner from 3rd tries for Home, SAFE, no throw or cutoff
Batting: RHB Jonathan Widdop 0-0: Called Strike
0-1: Foul Ball, location: 2F
0-2: Ball
1-2: Foul Ball, location: 2F
1-2: Foul Ball, location: 2F
1-2: Fielders Choice at 2nd, 4-6 (Groundball, 34)
Batting: RHB Justin Saginov 0-0: Called Strike
0-1: Foul Ball, location: 2F
0-2: Ball
1-2: Ball
Jonathan Widdop is caught stealing 2nd base
Bottom of the 5th over - 3 run(s), 3 hit(s), 0 error(s), 0 left on base; Philadelphia 1776 1 - D.C. 5
TOP OF THE 6TH
Philadelphia 1776 BC batting - Pitching for D.C. Divided : LHP Leslie Brooks
Batting: RHB Jesús Orozco 0-0: Ball
1-0: Called Strike
1-1: Ball
2-1: Ball
3-1: Fly out, F6 (Popup, 6D)
Batting: LHB Sébastien Rolland 0-0: Foul Ball, location: 2F
0-1: Ball
1-1: Called Strike
1-2: Ball
2-2: Ball
3-2: Ground out 4-3 (Groundball, 4)
Batting: LHB Chris Nelson 0-0: Ball
1-0: Ball
2-0: Called Strike
2-1: Ball
3-1: SOLO HOME RUN (Flyball, 78XD), Distance : 434 ft
Batting: RHB Gil Moore 0-0: Ball
1-0: Foul Ball, location: 2F
1-1: Ball
2-1: Swinging Strike
2-2: Foul Ball, location: 2F
2-2: Strikes out swinging
Top of the 6th over - 1 run(s), 1 hit(s), 0 error(s), 0 left on base; Philadelphia 1776 2 - D.C. 5
BOTTOM OF THE 6TH
D.C. Divided batting - Pitching for Philadelphia 1776 BC : LHP Lee Reynolds
Batting: RHB Justin Saginov 0-0: Foul Ball, location: 2F
0-1: Ball
1-1: Ground out 6-3 (Groundball, 6M)
Batting: LHB Charles Mathes 0-0: Fly out, F9 (Line Drive, 89S)
Batting: RHB Brett Robinson 0-0: Called Strike
0-1: SINGLE (Groundball, 6)
Batting: RHB Duncan Thomas 0-0: Ball
1-0: Called Strike
1-1: Ball
2-1: Ball
3-1: Base on Balls
Brett Robinson to second
Batting: RHB Lúcio López 0-0: Swinging Strike
0-1: Fly out, F8 (Flyball, 8RS)
Bottom of the 6th over - 0 run(s), 1 hit(s), 0 error(s), 2 left on base; Philadelphia 1776 2 - D.C. 5
TOP OF THE 7TH
Philadelphia 1776 BC batting - Pitching for D.C. Divided : LHP Leslie Brooks
Batting: RHB Yuji Ine 0-0: Ball
1-0: Ground out 4-3 (Groundball, 4)
Batting: LHB Manuel García 0-0: Ball
1-0: Swinging Strike
1-1: Swinging Strike
1-2: Strikes out swinging
Batting: RHB Cris López 0-0: Ball
1-0: Ball
2-0: Ball
3-0: Base on Balls
Batting: RHB Dave Knight 0-0: Ball
Cris López is caught stealing 2nd base
Top of the 7th over - 0 run(s), 0 hit(s), 0 error(s), 0 left on base; Philadelphia 1776 2 - D.C. 5
BOTTOM OF THE 7TH
D.C. Divided batting - Pitching for Philadelphia 1776 BC : LHP Lee Reynolds
Batting: LHB Félix Pérez 0-0: Called Strike
0-1: Called Strike
0-2: Ball
1-2: Ball
2-2: Ground out 1-3 (Groundball, 13S)
Batting: RHB Gustavo Mateo 0-0: Ball
1-0: Ball
2-0: Ball
3-0: Fly out, F7 (Flyball, 7M)
Batting: LHB Mike Gardner 0-0: SINGLE (Groundball, 34D)
Batting: RHB Jonathan Widdop 0-0: Fly out, F8 (Flyball, 8RM)
Bottom of the 7th over - 0 run(s), 1 hit(s), 0 error(s), 1 left on base; Philadelphia 1776 2 - D.C. 5
TOP OF THE 8TH
Philadelphia 1776 BC batting - Pitching for D.C. Divided : LHP Leslie Brooks
Batting: RHB Dave Knight 0-0: Ground out 6-3 (Groundball, 6)
Batting: RHB António Granados 0-0: Ball
1-0: Called Strike
1-1: Fly out, F8 (Flyball, 78XD)
Batting: RHB Jesús Orozco 0-0: Ball
1-0: Called Strike
1-1: Ball
2-1: Ball
3-1: Base on Balls
Batting: LHB Sébastien Rolland 0-0: Ball
1-0: Ball
2-0: Called Strike
2-1: Ball
3-1: Foul Ball, location: 2F
3-2: Ground out U3 (Groundball, 3L)
Top of the 8th over - 0 run(s), 0 hit(s), 0 error(s), 1 left on base; Philadelphia 1776 2 - D.C. 5
BOTTOM OF THE 8TH
D.C. Divided batting - Pitching for Philadelphia 1776 BC : LHP Lee Reynolds
Batting: RHB Justin Saginov 0-0: Ball
1-0: Foul Ball, location: 2F
1-1: Called Strike
1-2: Ball
2-2: Ball
3-2: Base on Balls
Pitching: LHP Michael Campbell
Batting: LHB Charles Mathes 0-0: Ball
1-0: Ball
2-0: Called Strike
2-1: Ground out 5-3 (Groundball, 56S)
Justin Saginov to second
Batting: RHB Brett Robinson 0-0: Foul Ball, location: 2F
0-1: Swinging Strike
0-2: Ground out 5-3 (Groundball, 5D)
Batting: RHB Duncan Thomas 0-0: Ball
Wild Pitch!
Justin Saginov to third
1-0: Ball
2-0: Ball
3-0: Called Strike
3-1: Foul Ball, location: 2F
3-2: 2-RUN HOME RUN (Flyball, 78XD), Distance : 434 ft
Batting: RHB Lúcio López 0-0: Called Strike
0-1: Ground out 6-3 (Groundball, 6)
Bottom of the 8th over - 2 run(s), 1 hit(s), 0 error(s), 0 left on base; Philadelphia 1776 2 - D.C. 7
TOP OF THE 9TH
Philadelphia 1776 BC batting - Pitching for D.C. Divided : LHP Leslie Brooks
Batting: LHB Chris Nelson 0-0: Ball
1-0: SINGLE (Groundball, 34D)
Pitching: RHP Sean Brown
Batting: RHB Gil Moore 0-0: Called Strike
0-1: Swinging Strike
0-2: Ball
1-2: Strikes out swinging
Batting: RHB Yuji Ine 0-0: Swinging Strike
0-1: Foul Ball, location: 2F
0-2: Strikes out looking
Batting: LHB Manuel García 0-0: Fly out, F8 (Flyball, 8RM)
Top of the 9th over - 0 run(s), 1 hit(s), 0 error(s), 1 left on base; Philadelphia 1776 2 - D.C. 7
This league is powered by Out of the Park Baseball, the baseball management simulation game for PC, Mac and Linux
Friday, January 22nd, 2016 - OOTP Baseball 16.9 Build 39